 Dungeon Crawl Stone Soup version 0.32-a0-616-g9348d4545b (webtiles) character file.

Game seed: 14635575177762765518

15957 cforsyth the Cleaver (level 12, -4/110 HPs)
             Began as a Mountain Dwarf Necromancer on Mar 6, 2024.
             Was a Priest of Kikubaaqudgha.
             Shot with an arrow by a centaur warrior (22 damage)
             ... on level 12 of the Dungeon.
             The game lasted 00:31:28 (18804 turns).

cforsyth the Cleaver (Mountain Dwarf Necromancer)  Turns: 18804, Time: 00:31:29

Health: -4/110     AC: 23    Str: 15    XL:     12   Next: 5%
Magic:  14/14      EV: 16    Int: 19    God:    Kikubaaqudgha [***...]
Gold:   332        SH:  0    Dex: 16    Spells: 9/14 levels left

rFire   . . .        y - +1 war axe (flame)
rCold   . . .        (no shield)
rNeg    . . .        N - +7 ring mail "Jaur" {rC- Str+2 Dex+6}
rPois   +            (no helmet)
rElec   .            Q - +3 cloak "Amofeh" {rPois}
rCorr   .            I - +0 pair of gloves
SInv    .            G - +1 pair of boots
Will    +....        (no amulet)
Stlth   +            E - +5 ring of evasion
HPRegen 0.38/turn    C - ring of protection from cold
MPRegen 0.14/turn

%: no passive effects
@: no status effects
A: runic magic, artefact enchanting
a: Renounce Religion, Unearth Wretches


You were on level 12 of the Dungeon.
You worshipped Kikubaaqudgha.
Kikubaaqudgha was most pleased with you.
You visited 2 branches of the dungeon, and saw 13 of its levels.

You collected 700 gold pieces.
You spent 368 gold pieces at shops.


Innate Abilities, Weirdness & Mutations

Your spellcasting is much less encumbered by armour.
You can use scrolls of enchantment on lesser artefacts.


   Skills:
 + Level 11.5 Fighting
 + Level 12.1 Axes
 + Level 11.1 Armour
 - Level 1.3 Dodging
 - Level 1.4 Stealth
 - Level 0.5 Shields
 - Level 1.7 Spellcasting
 - Level 10.4 Necromancy


You had 9 spell levels left.
You knew the following spells:

 Your Spells              Type           Power      Damage    Failure   Level
a - Animate Dead          Necr           41%        N/A       2%          4
X - Necrotise             Necr           100%       1d9       1%          1

Your spell library contained the following spells:

 Spells                   Type           Power      Damage    Failure   Level
 Fugue of the Fallen      Necr           41%        N/A       1%          3
 Vampiric Draining        Necr           41%        2d8       1%          3
 Kiss of Death            Conj/Necr      84%        2d11      2%          1
 Dispel Undead            Necr           41%        3d16      2%          4
 Cigotuvi's Dreadful Rot  Necr/Alch/Air  28%        N/A       7%          2
 Curse of Agony           Necr           41%        N/A       8%          5
 Apportation              Tloc           2%         N/A       19%         1
 Summon Small Mammal      Summ           4%         N/A       19%         1
 Anguish                  Hex/Necr       10%        N/A       22%         4
 Martyr's Knell           Necr/Summ      21%        N/A       22%         4
 Jinxbite                 Hex            2%         N/A       28%         2
 Mercury Vapours          Alch/Air       2%         N/A       28%         2
 Static Discharge         Conj/Air       2%         3-4/arc   28%         2
 Call Canine Familiar     Summ           1%         N/A       50%         3
 Frozen Ramparts          Ice            2%         1d1       50%         3
 Mephitic Cloud           Conj/Alch/Air  1%         N/A       50%         3
 Summon Ice Beast         Ice/Summ       1%         N/A       50%         3
 Airstrike                Air            0%         2d(1-17)  88%         4
 Leda's Liquefaction      Alch/Erth      0%         N/A       88%         4
 Petrify                  Alch/Erth      1%         N/A       88%         4
 Summon Blazeheart Golem  Fire/Summ      1%         N/A       88%         4
 Summon Lightning Spire   Summ/Air       1%         N/A       88%         4
 Alistair's Intoxication  Alch           0%         N/A       99%         5
 Freezing Cloud           Conj/Ice/Air   0%         6-21      99%         5
 Metabolic Englaciation   Hex/Ice        0%         N/A       99%         5
 Summon Mana Viper        Hex/Summ       1%         N/A       99%         5
 Monstrous Menagerie      Summ           0%         N/A       100%        7

Inventory:

Hand Weapons
 k - a +0 hand axe
 y - a +1 war axe of flaming (weapon)
Missiles
 a - 13 poisoned darts
 c - 2 throwing nets {=f}
Armour
 o - a +0 plate armour
 G - a +1 pair of boots (worn)
 I - a +0 pair of gloves (worn)
 N - the +7 ring mail "Jaur" (worn) {rC- Str+2 Dex+6}
   (You found it on level 10 of the Dungeon)

   Str+2:     It affects your strength (+2).
   Dex+6:     It affects your dexterity (+6).
   rC-:       It makes you vulnerable to cold.
 Q - the +3 cloak "Amofeh" (worn) {rPois}
   (You bought it in a shop on level 4 of the Dungeon)

   rPois:     It protects you from poison.
Magical Staves
 K - a staff of earth {!a}
 U - a staff of death {!a}
Jewellery
 v - a ring of see invisible
 z - a ring of wizardry
 C - a ring of protection from cold (right hand)
 E - a +5 ring of evasion (left hand)
 Z - a ring of wizardry
Wands
 d - a wand of flame (6)
 s - a wand of polymorph (14)
 F - a wand of warping (20)
 H - a wand of paralysis (14)
Scrolls
 e - 3 scrolls of revelation {unknown}
 f - a scroll of fog
 g - 3 scrolls of silence {!r}
 h - 4 scrolls of enchant weapon
 i - 3 scrolls of fear {unknown}
 j - a scroll of brand weapon
 l - a scroll of acquirement {unknown}
 n - a scroll of enchant armour {unknown}
 w - a scroll of vulnerability {unknown}
 x - 2 scrolls of teleportation {@r2}
 A - 2 scrolls of poison
 B - a scroll of immolation
 J - a scroll of torment {unknown}
 P - a scroll of butterflies {unknown}
 R - a scroll of amnesia {unknown}
 S - a scroll of blinking {unknown}
Potions
 b - a potion of magic
 m - 5 potions of heal wounds {@q2}
 p - 2 potions of curing {@q1}
 q - 3 potions of might
 r - 2 potions of attraction
 t - 2 potions of lignification
 u - 4 potions of berserk rage {!q}
 D - 2 potions of ambrosia
 L - a potion of mutation
 M - a potion of degeneration {unknown}
 O - a potion of cancellation {unknown}
 T - a potion of haste {@q3}

Dungeon Overview and Level Annotations

Branches:
Dungeon (12/15)            Temple (1/1) D:5            Lair (0/5) D:10
    Orc (0/2) D:12

Altars:
Ashenzari
Cheibriados
Dithmenos
Elyvilon
Fedhas
Gozag
Hepliaklqana
Kikubaaqudgha
Makhleb
Nemelex Xobeh
Okawaru
Qazlal
Ru
Sif Muna
Trog
Vehumet
Wu Jian
Yredelemnul
Zin
The Shining One

Shops:
D:4 ([:[   D:12 =

Annotations:
D:10 exclusion: oklob plant

#########.###.###.#.#.# #.#
#.........###.# #.#.#.######.#
###.######......# #.#.#........#
..).# ##.###.###.#.#..########
##..# #.........#.#..........
##..###########.#.....##.########
##...c...c..........####........#
##.#########........## #..#####.#
##...# #....@....###..#.....#
##...# #..............#.#####
.#...# ##.....∩....##.#.....Z
.c.### #.............#..#### ####
###.....>...###..#... ###
##.##.....#.....#.#. ..##
#.........#.#...#.#. ...#
#....÷##.##.#...#.#. ...#
#.....##....#.......


You could see a centaur warrior.


Message History

The centaur warrior shoots an arrow.
The arrow barely misses you.
The centaur shoots an arrow.
The arrow hits your cyclops zombie!
Your cyclops zombie is destroyed!
The centaur shoots an arrow.
The arrow hits you but does no damage.
The centaur shoots an arrow.
The arrow closely misses you.
The centaur warrior shoots an arrow.
The arrow hits you!!
The centaur shoots an arrow.
The arrow barely misses you.
Things that are here:
a +0 whip; a +0 leather armour The centaur warrior shoots an arrow.
The arrow misses you.
The centaur warrior shoots an arrow.
The arrow hits you.
The centaur warrior shoots an arrow.
The arrow hits you!
The centaur warrior shoots an arrow.
The arrow hits you.
* * * LOW HITPOINT WARNING * * *
The centaur warrior shoots an arrow.
The arrow hits you but does no damage.
The centaur warrior shoots an arrow.
The arrow hits you!
* * * LOW HITPOINT WARNING * * *
The centaur warrior shoots an arrow.
The arrow hits you but does no damage.
The centaur warrior shoots an arrow.
The arrow hits you.
* * * LOW HITPOINT WARNING * * *
The centaur warrior shoots an arrow.
The arrow hits you!
* * * LOW HITPOINT WARNING * * *
The centaur warrior shoots an arrow.
The arrow hits you!
* * * LOW HITPOINT WARNING * * *
The centaur warrior shoots an arrow.
The arrow hits you.
* * * LOW HITPOINT WARNING * * *
There is a stone staircase leading up here.
The centaur warrior shoots an arrow.
The arrow hits you!!
You die...
Kikubaaqudgha rasps: You have failed me!
Welcome... death!

Skill      XL: |  1  2  3  4  5  6  7  8  9 10 11 |
---------------+----------------------------------+-----
Fighting       | 1 2 3 4 5 6 8 9 11 | 11.5
Necromancy     | 5 6 7 8 9 10 | 10.4
Axes           | 1 2 3 5 6 8 9 12 | 12.1
Armour         | 1 2 3 4 6 7 9 11 | 11.1
Dodging        | |  1.3
Stealth        | |  1.4
Shields        | |  0.5
Spellcasting   | |  1.7

Action                     |  1- 3 |  4- 6 |  7- 9 | 10-12 || total
---------------------------+-------+-------+-------+-------++-------
  Melee: Unarmed           |    26 |       |       |       ||    26
         Hand axe          |     6 |    26 |    25 |       ||    57
         War axe           |       |       |    63 |   415 ||   478
   Cast: Necrotise         |    65 |   106 |   295 |   188 ||   654
         Animate Dead      |       |       |       |     8 ||     8
  Evoke: Wand              |       |       |     9 |    17 ||    26
    Use: Scroll            |       |       |    10 |     7 ||    17
         Potion            |       |       |       |     1 ||     1
   Stab: Distracted        |     1 |     1 |       |       ||     2
         Paralysed         |       |       |       |     8 ||     8
 Armour: Robe              |    34 |       |       |       ||    34
         Plate armour      |    27 |   133 |   215 |   175 ||   550
         Ring mail         |       |       |       |   225 ||   225
  Dodge: Dodged            |    33 |    25 |   100 |   344 ||   502

Levels and vault maps discovered:
D:1:      dpeg_arrival_rooms_c, layout_rooms, minmay_misc_feat_columns,
          serial_park_tiny_2
D:2:      layout_loops_cross, nicolae_hexahallways, minmay_misc_feat_room
D:3:      layout_loops_cross, mainiacjoe_overflow_concentric_impassable,
          mainiacjoe_overflow_cross_hatched, uniq_robin, uniq_sigmund
D:4:      layout_loops_ring, nicolae_overflow_hidden_temple, serial_shops,
          nicolae_shop_hallway_plus, shop, nicolae_shop_bloodbath_and_beyond,
          nicolae_shop_hallway_stairs, hangedman_decor_opposing
D:5:      layout_loops_corners, grunt_temple_overflow_magic_moments,
          minmay_temple_entry_butterflies, hangedman_decor_lopped, uniq_pikel,
          uniq_eustachio
D:6:      layout_basic, lemuel_round_altar
D:7:      layout_cave_pools, mainiacjoe_overflow_alcove_4
D:8:      layout_cave_pools, makhleb_blood_cavern_becter, hex_tiny
D:9:      layout_basic
D:10:     layout_roguey, dpeg_oklobed_lair
D:11:     layout_loops_corners, onia_ninara_cookie
D:12:     minmay_shrinking_squares, layout_basic, david_orc_3,
          nicolae_stop_n_shop_1
Temple:   nicolae_temple_bog_church

Notes
Turn   | Place    | Note
-------+----------+-------------------------------------------
     0 | D:1      | cforsyth the Mountain Dwarf Necromancer began the quest for
                  | the Orb.
     0 | D:1      | Reached XP level 1. HP: 14/14 MP: 3/3
   131 | D:1      | Reached skill level 1 in Fighting
   170 | D:1      | Reached XP level 2. HP: 23/23 MP: 1/4
   687 | D:2      | Reached skill level 2 in Fighting
   735 | D:2      | Reached skill level 5 in Necromancy
   735 | D:2      | Reached XP level 3. HP: 27/29 MP: 2/5
  1807 | D:2      | Reached XP level 4. HP: 35/37 MP: 1/6
  1883 | D:2      | Reached skill level 1 in Axes
  2065 | D:3      | Found an iron altar of Okawaru.
  2095 | D:3      | Reached skill level 3 in Fighting
  2095 | D:3      | Reached skill level 1 in Armour
  2206 | D:3      | Reached XP level 5. HP: 42/45 MP: 4/7
  2278 | D:3      | Noticed Sigmund
  2478 | D:3      | Killed Sigmund
  2479 | D:3      | Reached skill level 2 in Axes
  2479 | D:3      | Reached skill level 2 in Armour
  2479 | D:3      | Reached XP level 6. HP: 34/52 MP: 0/8
  2711 | D:3      | Found an opulent altar of Gozag.
  2713 | D:3      | Noticed Robin
  2744 | D:3      | Reached skill level 6 in Necromancy
  2848 | D:2      | Killed Robin
  3423 | D:4      | Reached skill level 3 in Axes
  3457 | D:4      | Found Fiameg's Book Emporium.
  3462 | D:4      | Reached skill level 4 in Fighting
  3615 | D:4      | Found Jaunekla's Armour Boutique.
  3657 | D:4      | Reached skill level 3 in Armour
  3752 | D:4      | Found Fynan's Armour Emporium.
  3873 | D:4      | Found Plog's Weapon Boutique.
  4066 | D:4      | Reached XP level 7. HP: 59/59 MP: 5/9
  4515 | D:5      | Entered Level 5 of the Dungeon
  4534 | D:5      | Found an ancient bone altar of Kikubaaqudgha.
  4534 | D:5      | Found a shimmering blue altar of Sif Muna.
  4536 | D:5      | Found a radiant altar of Vehumet.
  4601 | D:5      | Became a worshipper of Kikubaaqudgha
  4649 | D:5      | Noticed Eustachio
  4717 | D:4      | Killed Eustachio
  4831 | D:5      | Reached skill level 4 in Axes
  5219 | D:5      | Found a staircase to the Ecumenical Temple.
  5233 | Temple   | Entered the Ecumenical Temple
  5271 | D:5      | Noticed Pikel
  5278 | D:5      | Killed Pikel
  5279 | D:5      | Reached skill level 5 in Fighting
  5279 | D:5      | Reached skill level 5 in Axes
  5279 | D:5      | Reached skill level 4 in Armour
  5279 | D:5      | Reached skill level 7 in Necromancy
  5279 | D:5      | Reached XP level 8. HP: 39/69 MP: 3/10
  5600 | D:5      | Reached skill level 5 in Armour
  5940 | D:5      | Reached skill level 6 in Fighting
  6503 | D:6      | Reached skill level 6 in Axes
  6924 | D:6      | Reached * piety under Kikubaaqudgha
  6924 | D:6      | Received a gift from Kikubaaqudgha
  6930 | D:6      | Learned a level 4 spell: Animate Dead
  7290 | D:6      | Found a snail-covered altar of Cheibriados.
  7857 | D:7      | Reached skill level 8 in Necromancy
  7873 | D:7      | Reached skill level 6 in Armour
  7873 | D:7      | Reached XP level 9. HP: 53/78 MP: 5/11
  8577 | D:7      | Found a shadowy altar of Dithmenos.
  8635 | D:7      | Reached skill level 7 in Axes
  8868 | D:7      | Reached skill level 7 in Fighting
  9888 | D:8      | Reached skill level 7 in Armour
 10063 | D:8      | Reached skill level 9 in Necromancy
 10064 | D:8      | Found a burning altar of Makhleb.
 10672 | D:7      | Reached skill level 8 in Axes
 10866 | D:7      | Reached skill level 8 in Fighting
 11071 | D:8      | Reached ** piety under Kikubaaqudgha
 11072 | D:8      | Reached XP level 10. HP: 68/88 MP: 12/12
 11417 | D:9      | Paralysed by a hornet for 3 turns
 12159 | D:9      | Reached skill level 8 in Armour
 12588 | D:9      | Reached skill level 9 in Axes
 12910 | D:9      | Reached skill level 10 in Necromancy
 13068 | D:8      | Reached skill level 9 in Fighting
 13355 | D:9      | Noticed a two-headed ogre
 13391 | D:9      | Killed a two-headed ogre
 13442 | D:9      | Identified the +10 quarterstaff of Pipsunne {freeze,
                  | *Corrode rN+ Will+ MP+9}
 13519 | D:10     | Entered Level 10 of the Dungeon
 14410 | D:10     | Reached skill level 9 in Armour
 14641 | D:10     | Identified the +7 ring mail "Jaur" {rC- Str+2 Dex+6}
 14813 | D:10     | Reached XP level 11. HP: 85/97 MP: 10/13
 14870 | D:10     | Reached skill level 10 in Axes
 15093 | D:10     | Found a staircase to the Lair.
 15096 | D:10     | Noticed an oklob plant
 15387 | D:4      | Bought the +3 cloak "Amofeh" {rPois} for 368 gold pieces
 15528 | D:11     | Noticed a harpy
 15535 | D:10     | a harpy changed into a raiju
 15715 | D:11     | Reached *** piety under Kikubaaqudgha
 15715 | D:11     | Received a gift from Kikubaaqudgha
 15993 | D:11     | Reached skill level 10 in Fighting
 16212 | D:11     | Noticed a green ugly thing
 16241 | D:11     | Killed a green ugly thing
 16259 | D:11     | Noticed a two-headed ogre
 16266 | D:11     | Noticed a two-headed ogre
 16276 | D:11     | Killed a two-headed ogre
 16279 | D:11     | Killed a two-headed ogre
 16280 | D:11     | Reached skill level 11 in Axes
 16280 | D:11     | Reached skill level 10 in Armour
 16816 | D:11     | Noticed a skeletal warrior
 16857 | D:11     | Noticed a two-headed ogre
 16862 | D:11     | Reached skill level 11 in Fighting
 16885 | D:11     | Killed a two-headed ogre
 17619 | D:12     | Found Bynozat's Jewellery Shop.
 18110 | D:12     | Reached skill level 11 in Armour
 18352 | D:12     | Reached skill level 12 in Axes
 18352 | D:12     | Reached XP level 12. HP: 100/110 MP: 9/14
 18568 | D:12     | Found a staircase to the Orcish Mines.
 18777 | D:12     | Noticed a centaur warrior
 18804 | D:12     | Shot with an arrow by a centaur warrior

Vanquished Creatures
  4 two-headed ogres
  Pikel (D:5)
  An ugly thing (D:11)
  A manticore (D:12)
  2 cyclopes
  2 gargoyles
  An unseen horror (D:11)
  A kobold demonologist (D:11)
  3 trolls (D:11)
  A hornet (D:9)
  A raiju (shapeshifter) (D:10)
  2 glass eyes (D:11)
  Sigmund (D:3)
  2 wraiths
  3 vampires
  A shadow (D:11)
  26 yaks
  A wyvern (D:9)
  2 steam dragons
  Eustachio (D:4)
  An acid dragon (D:7)
  2 water moccasins
  A black bear (shapeshifter) (D:11)
  3 orc warriors
  A sky beast (D:5)
  An ogre (D:5)
  A centaur (D:11)
  A lemure (D:5)
  4 bullfrogs
  4 gnoll sergeants
  3 kobold brigands
  8 wights
  6 killer bees (D:7)
  3 howler monkeys (D:8)
  5 jellies
  3 orc priests
  4 hounds
  2 sleepcaps
  3 iguanas
  5 orc wizards
  A human skeleton (D:8)
  A hound skeleton (D:8)
  Robin (D:2)
  6 adders
  14 gnolls
  2 white imps
  A dart slug (D:4)
  27 orcs
  2 endoplasms
  4 giant cockroaches
  13 goblins
  10 hobgoblins
  9 jackals
  18 kobolds
  2 quokkas
  A ball python (D:3)
  6 bats
  A frilled lizard (D:1)
  4 rats
241 creatures vanquished.

Vanquished Creatures (collateral kills)
  A yak (D:10)
  A warg (D:12)
  A vampire mosquito (D:11)
  An orc warrior (D:12)
  A gnoll (D:8)
  An orc (D:12)
  A bat (D:1)
  2 endoplasms
  2 goblins (D:1)
  A kobold (D:11)
  A rat (D:1)
13 creatures vanquished.

Vanquished Creatures (others)
  A cyclops zombie (D:12)
  2 yak zombies
  A gnoll zombie (D:11)
  5 kobold zombies (D:11)
  3 orc zombies
12 creatures vanquished.

Grand Total: 266 creatures vanquished

Table legend: (Time is in decaauts)
 A = Elapsed time spent in this place.
 B = Non-inter-level travel time spent in this place.
 C = Inter-level travel time spent in this place.
 D = Time resting spent in this place.
 E = Time spent auto-exploring this place.
 F = Levels seen in this place.
 G = Mean time per level.
                   A        B        C        D        E       F      G
               +--------+--------+--------+--------+--------+-----+--------+
         Total |  18855 |  17922 |    933 |   3697 |  10496 |  13 | 1450.4 |
       Dungeon |  18853 |  17920 |    933 |   3697 |  10496 |  12 | 1571.1 |
        Temple |      1 |      1 |      0 |      0 |      0 |   1 |    1.0 |
               +--------+--------+--------+--------+--------+-----+--------+

Top non-repeatable levels by time:
     D:9: 2520 daAuts
     D:8: 1916 daAuts
    D:10: 1782 daAuts
    D:11: 1735 daAuts
     D:5: 1670 daAuts
     D:6: 1631 daAuts
     D:7: 1590 daAuts
     D:2: 1526 daAuts
     D:4: 1419 daAuts
     D:3: 1199 daAuts
    D:12: 1178 daAuts
     D:1: 682 daAuts
  Temple: 1 daAuts

Table legend:
 A = Non-vault XP
 B = Vault XP
 C = Vault XP percentage of total XP
 D = Non-vault monster count
 E = Vault monster count
 F = Vault count percentage of total count
                 A         B        C        D         E       F
            +---------+---------+-------+---------+---------+-------
      Total |   14748 |    8049 |  35.3 |     209 |      44 |  17.4
            +---------+---------+-------+---------+---------+-------
        D:1 |      37 |       0 |   0.0 |      22 |       0 |   0.0
        D:2 |      99 |      21 |  17.5 |      16 |       4 |  20.0
        D:3 |      75 |     261 |  77.7 |      14 |      10 |  41.7
        D:4 |     254 |     185 |  42.1 |      21 |       1 |   4.5
        D:5 |     598 |     607 |  50.4 |      11 |       1 |   8.3
        D:6 |     559 |       0 |   0.0 |      17 |       0 |   0.0
        D:7 |    1445 |       0 |   0.0 |      21 |       0 |   0.0
        D:8 |    2248 |      52 |   2.3 |      26 |       2 |   7.1
        D:9 |    3564 |       0 |   0.0 |      19 |       0 |   0.0
       D:10 |    2590 |     217 |   7.7 |      26 |       1 |   3.7
       D:11 |    1607 |    6375 |  79.9 |      12 |      19 |  61.3
       D:12 |    1672 |     331 |  16.5 |       4 |       6 |  60.0
            +---------+---------+-------+---------+---------+-------
